 Dungeon Crawl Stone Soup version 0.31-a0-750-gfe7b580527 (webtiles) character file.

Game seed: 17060196696289891595

95 Demosthentine the Poker (level 4, -2/34 HPs)
             Began as a Demonspawn Gladiator on Sept 15, 2023.
             Slain by a gnoll
             ... wielding a +0 flail
              (8 damage)
             ... on level 2 of the Dungeon.
             The game lasted 00:01:48 (1260 turns).

Demosthentine the Poker (Demonspawn Gladiator)      Turns: 1260, Time: 00:01:49

Health: -2/34      AC:  4    Str: 17    XL:     4   Next: 40%
Magic:  4/4        EV: 14    Int:  9    God:
Gold:   47         SH:  0    Dex: 14    Spells: 3/3 levels left

rFire   . . .        a - +0 trident
rCold   . . .        (no shield)
rNeg    . . .        b - +0 leather armour
rPois   .            c - +0 helmet
rElec   .            (no cloak)
rCorr   .            (no gloves)
SInv    .            (no boots)
Will    .....        (no amulet)
Stlth   +            (no ring)
HPRegen 0.25/turn    (no ring)
MPRegen 0.09/turn

%: no passive effects
@: no status effects
A: repulsion field 1
a: no special abilities


You were on level 2 of the Dungeon.
You visited 1 branch of the dungeon, and saw 2 of its levels.

You collected 47 gold pieces.

Inventory:

Hand Weapons
 a - a +0 trident (weapon)
Missiles
 d - 3 throwing nets (quivered)
 e - a javelin
Armour
 b - a +0 leather armour (worn)
 c - a +0 helmet (worn)
Wands
 g - a wand of flame (26)
Scrolls
 f - 2 scrolls of identify
 j - a scroll of immolation {unknown}
Potions
 h - a potion of enlightenment
 i - a potion of heal wounds


   Skills:
 + Level 2.9 Fighting
 + Level 3.3 Polearms
 - Level 1.7 Throwing
 + Level 1.5 Armour
 + Level 3.3 Dodging


You had 3 spell levels left.
You didn't know any spells.
Your spell library contained the following spells:

 Spells                   Type           Power      Damage    Failure   Level
 Hailstorm                Conj/Ice       0%         3d3       82%         3
 Summon Ice Beast         Ice/Summ       0%         N/A       99%         4
 Simulacrum               Ice/Necr       0%         N/A       100%        6


Dungeon Overview and Level Annotations

Branches:
Dungeon (2/15)

Altars:


Innate Abilities, Weirdness & Mutations

You are surrounded by a mild repulsion field. (EV +2)


Message History

The gnoll hits you but does no damage. The gnoll closely misses you.
You reach to attack!
You puncture the gnoll!
You kill the gnoll!
You reach to attack!
You puncture the gnoll!
The gnoll is heavily wounded.
The gnoll hits you from afar with a +0 spear.
You reach to attack!
You hit the gnoll.
The gnoll is severely wounded.
The gnoll barely misses you.
You reach to attack!
You hit the gnoll but do no damage.
The gnoll is severely wounded.
The gnoll completely misses you. The gnoll closely misses you.
You reach to attack!
You barely miss the gnoll.
The gnoll is severely wounded.
The gnoll closely misses you.
You reach to attack!
You hit the gnoll.
You kill the gnoll!
You closely miss the gnoll.
The gnoll is moderately wounded.
The gnoll barely misses you.
You hit the gnoll.
The gnoll is heavily wounded.
The gnoll hits you with a +0 flail.
You hit the gnoll but do no damage.
The gnoll is heavily wounded.
The gnoll hits you with a +0 flail.
You closely miss the gnoll.
The gnoll is heavily wounded.
The gnoll barely misses you.
You hit the gnoll.
The gnoll is severely wounded.
The gnoll misses you.
You hit the gnoll but do no damage.
The gnoll is severely wounded.
The gnoll hits you with a +0 flail!
* * * LOW HITPOINT WARNING * * *
You hit the gnoll but do no damage.
The gnoll is severely wounded.
The gnoll hits you with a +0 flail!
You die...

#......#
#..........#
..#.##.#
######.#####
###.##.# #.# #
#.##.# #.#
#.##.##########.###
#.##..............#
#.##.##########)#.#
#.##.# ##g#.#
#.##.# #@...#
#.##.##########.###
#.#.............#
#.#..############
#.#.## #.#.# #.#.#
###.#<# ....#.#


You could see a gnoll.

Vanquished Creatures
  2 gnolls (D:2)
  3 adders (D:2)
  2 worms (D:2)
  2 dart slugs
  5 ball pythons
  3 bats
  6 endoplasms
  3 giant cockroaches
  2 hobgoblins (D:2)
  2 jackals (D:2)
  2 quokkas
  2 frilled lizards (D:2)
  2 goblins
  A kobold (D:1)
  2 rats (D:2)
39 creatures vanquished.

Notes
Turn   | Place    | Note
-------+----------+-------------------------------------------
     0 | D:1      | Demosthentine the Demonspawn Gladiator began the quest for
                  | the Orb.
     0 | D:1      | Reached XP level 1. HP: 16/16 MP: 1/1
   178 | D:1      | Gained mutation: You are surrounded by a mild repulsion
                  | field. (EV +2) [demonic ancestry]
   178 | D:1      | Reached XP level 2. HP: 21/22 MP: 2/2
   369 | D:1      | Found a faded altar of an unknown god.
   638 | D:2      | Reached skill level 1 in Armour
   638 | D:2      | Reached XP level 3. HP: 23/28 MP: 3/3
  1006 | D:2      | Reached XP level 4. HP: 34/34 MP: 4/4
  1260 | D:2      | Slain by a gnoll

Illustrated notes

Levels and vault maps discovered:
D:1:      heliophobic_arrival_henge, layout_loops_ring,
          chequers_ecumenical_altar_simple_redux
D:2:      layout_basic

Skill      XL: |  1  2 |
---------------+-------+-----
Polearms       | 3 |  3.3
Armour         | 1 |  1.5
Dodging        | 3 |  3.3
Fighting       | |  2.9
Throwing       | |  1.7

Action                     |  1- 3 |  4- 6 || total
---------------------------+-------+-------++-------
  Melee: Trident           |   112 |    36 ||   148
    Use: Scroll            |     3 |       ||     3
   Stab: Sleeping          |     3 |     1 ||     4
 Armour: Leather armour    |    37 |    12 ||    49
  Dodge: Dodged            |    80 |    20 ||   100

Table legend: (Time is in decaauts)
 A = Elapsed time spent in this place.
 B = Non-inter-level travel time spent in this place.
 C = Inter-level travel time spent in this place.
 D = Time resting spent in this place.
 E = Time spent auto-exploring this place.
 F = Levels seen in this place.
 G = Mean time per level.
                   A        B        C        D        E       F      G
               +--------+--------+--------+--------+--------+-----+--------+
         Total |   1281 |   1233 |     48 |      0 |    908 |   2 |  640.5 |
       Dungeon |   1281 |   1233 |     48 |      0 |    908 |   2 |  640.5 |
               +--------+--------+--------+--------+--------+-----+--------+

Top non-repeatable levels by time:
     D:2: 651 daAuts
     D:1: 630 daAuts
